 Dungeon Crawl Stone Soup version 0.31-a0-986-g5e6e4ef867 (webtiles) character file.

Game seed: 561121434710984298

627 dialectric the Trooper (level 7, -3/64 HPs)
             Began as a Minotaur Fighter on Nov 23, 2023.
             Was an Initiate of Okawaru.
             Slain by a troll (8 damage)
             ... on level 6 of the Dungeon.
             The game lasted 00:04:22 (3419 turns).

dialectric the Trooper (Minotaur Fighter)           Turns: 3419, Time: 00:04:23

Health: -3/64      AC: 12    Str: 21    XL:     7   Next: 23%
Magic:  6/6        EV:  8    Int:  5    God:    Okawaru [......]
Gold:   135        SH:  0    Dex: 11    Spells: 6/6 levels left

rFire   . . .        a - +0 long sword
rCold   . . .        (no shield)
rNeg    . . .        h - +0 chain mail
rPois   .            (helmet restricted)
rElec   .            (no cloak)
rCorr   .            y - +0 pair of gloves
SInv    .            b - +0 pair of boots
Will    .....        (no amulet) Stlth
                     r - ring of flight
HPRegen 0.30/turn    (no ring)
MPRegen 0.10/turn

%: no passive effects
@: flying
A: horns 2, retaliatory headbutt
a: Renounce Religion


You were on level 6 of the Dungeon.
You worshipped Okawaru.
Okawaru was noncommittal.
You visited 2 branches of the dungeon, and saw 8 of its levels.

You collected 180 gold pieces.
You spent 45 gold pieces at shops.

Inventory:

Hand Weapons
 a - a +0 long sword (weapon)
Missiles
 j - 8 poisoned darts (quivered)
Armour
 b - a +0 pair of boots (worn)
 c - a +0 buckler
 h - a +0 chain mail (worn)
 y - a +0 pair of gloves (worn)
Jewellery
 r - a ring of flight (left hand)
 x - a ring of poison resistance
Talismans
 E - a serpent talisman
Wands
 v - a wand of flame (23)
Scrolls
 g - 2 scrolls of fog {unknown}
 l - 3 scrolls of enchant armour {unknown}
 m - 2 scrolls of immolation {unknown}
 n - 2 scrolls of identify {unknown}
 o - 8 scrolls of noise {unknown}
 p - 3 scrolls of teleportation {unknown}
 s - a scroll of torment {unknown}
 u - a scroll of poison {unknown}
 w - a scroll of enchant weapon {unknown}
 A - a scroll of vulnerability {unknown}
 D - a scroll of revelation {unknown}
 G - a scroll of butterflies {unknown}
Potions
 d - 2 potions of might
 e - a potion of invisibility {unknown}
 f - a potion of degeneration {unknown}
 i - a potion of attraction {unknown}
 k - a potion of heal wounds {unknown}
 q - 3 potions of curing
 t - a potion of ambrosia {unknown}
 z - a potion of haste {unknown}
 B - a potion of berserk rage {unknown}
 C - a potion of magic {unknown}
 F - 2 potions of brilliance {unknown}


   Skills:
 + Level 6.5 Fighting
 + Level 5.8 Long Blades
 + Level 6.4 Armour
 - Level 3.8 Shields


You had 6 spell levels left.
You didn't know any spells.
Your spell library contained the following spells:

 Spells                   Type           Power      Damage    Failure   Level
 Ensorcelled Hibernation  Hex/Ice        0%         N/A       99%         2
 Jinxbite                 Hex            0%         N/A       99%         2
 Anguish                  Hex/Necr       0%         N/A       100%        4


Dungeon Overview and Level Annotations

Branches:
Dungeon (7/15)             Temple (1/1) D:6

Altars:
Ashenzari
Cheibriados
Dithmenos
Elyvilon
Fedhas
Gozag
Hepliaklqana
Kikubaaqudgha
Makhleb
Nemelex Xobeh
Okawaru
Ru
Sif Muna
Trog
Uskayaw
Wu Jian
Xom
Yredelemnul
The Shining One

Shops:
D:1 [


Innate Abilities, Weirdness & Mutations

You have a pair of horns on your head.
You reflexively headbutt those who attack you in melee.


Message History

q - 3 potions of curing (gained 1)
G - a scroll labelled ARGHAVA GAKK
Found a stone staircase leading down.
No target in view!
There is a stone staircase leading down here.
A troll comes into view.
A troll is nearby!
A troll is nearby!
You hit the troll but do no damage. The troll bites you but does no damage.
The troll claws you but does no damage. The troll closely misses you.
You barely miss the troll. The troll bites you.
The troll claws you but does no damage. The troll claws you.
The troll bites you but does no damage. The troll claws you!
The troll claws you.
You slash the troll!
The troll is moderately wounded.
The troll bites you! The troll claws you. The troll barely misses you.
You are too injured to fight recklessly!
You are too injured to fight recklessly!
You are too injured to fight recklessly!
You are too injured to fight recklessly!
You are too injured to fight recklessly!
You are too injured to fight recklessly!
You are too injured to fight recklessly!
You are too injured to fight recklessly!
The troll attacks as it pursues you! The troll bites you.
The troll barely misses you. The troll closely misses you.
The troll attacks as it pursues you! The troll bites you!
The troll claws you but does no damage. x2
There is a stone staircase leading down here.
The troll attacks as it pursues you! The troll bites you.
* * * LOW HITPOINT WARNING * * *
The troll barely misses you. The troll closely misses you.
The troll attacks as it pursues you! The troll completely misses you.
The troll claws you!
* * * LOW HITPOINT WARNING * * *
The troll claws you.
* * * LOW HITPOINT WARNING * * *
The troll attacks as it pursues you! The troll bites you!
You die...

#
#.......>###...#
#........#####.#
#..............#
#.......#.####.#
####+#..#.# #.#
#..#.# #.#
#..#.# #.#
#..#T# #.#
#..#@# #.#
#..#.# #.#
#.)#.# #<##.#
#....# ######


You could see a troll.

Vanquished Creatures
  A water moccasin (D:6)
  2 scorpions
  A howler monkey (D:6)
  2 jellies (D:6)
  2 sleepcaps
  2 iguanas (D:4)
  An orc wizard (D:4)
  3 gnolls (D:4)
  4 adders
  A white imp (D:5)
  A worm (D:2)
  3 dart slugs
  8 orcs
  4 endoplasms
  5 giant cockroaches
  2 hobgoblins
  11 jackals
  3 quokkas
  8 ball pythons
  3 bats
  3 frilled lizards
  4 goblins
  6 kobolds
  4 rats
84 creatures vanquished.

Vanquished Creatures (others)
  An orc wizard (D:4)
1 creature vanquished.

Grand Total: 85 creatures vanquished

Notes
Turn   | Place    | Note
-------+----------+-------------------------------------------
     0 | D:1      | dialectric the Minotaur Fighter began the quest for the
                  | Orb.
     0 | D:1      | Reached XP level 1. HP: 19/19 MP: 0/0
   136 | D:1      | Reached XP level 2. HP: 27/27 MP: 1/1
   272 | D:1      | Found Miborphy's Armour Emporium.
   762 | D:1      | Found a faded altar of an unknown god.
   872 | D:2      | Reached XP level 3. HP: 33/33 MP: 2/2
  1743 | D:4      | Noticed a scorpion
  1749 | D:4      | Killed a scorpion
  1750 | D:4      | Reached XP level 4. HP: 36/41 MP: 3/3
  1863 | D:4      | Reached skill level 5 in Fighting
  1863 | D:4      | Reached XP level 5. HP: 46/48 MP: 4/4
  1879 | D:4      | Reached skill level 5 in Armour
  2145 | D:3      | Reached XP level 6. HP: 46/56 MP: 5/5
  2553 | D:1      | Bought a +0 pair of boots for 45 gold pieces
  2698 | D:5      | Entered Level 5 of the Dungeon
  2872 | D:5      | Reached skill level 5 in Long Blades
  3101 | D:6      | Found a staircase to the Ecumenical Temple.
  3113 | Temple   | Entered the Ecumenical Temple
  3124 | Temple   | Became a worshipper of Warmaster Okawaru
  3162 | D:7      | Reached XP level 7. HP: 63/63 MP: 6/6
  3398 | D:6      | Noticed a troll
  3419 | D:6      | Slain by a troll

Illustrated notes

Levels and vault maps discovered:
D:1:      matt_arrival_diagonals, layout_basic, serial_shops,
          nicolae_shop_rolling_square, hellmonk_ecumenical_altar_inner_sanctum
D:2:      layout_loops_ring
D:3:      layout_basic
D:4:      layout_loops_corners, overflow_temple_1_default, gammafunk_ghost_icy
D:5:      layout_loops_ring
D:6:      layout_basic, minmay_temple_entry_arrows, minmay_misc_feat_plants
D:7:      layout_rooms, enter_bailey_4, uniq_jeremiah
Temple:   hellmonk_temple_of_storms

Skill      XL: |  1  2  3  4  5  6 |
---------------+-------------------+-----
Fighting       | 4 5 6 |  6.5
Armour         | 4 5 6 |  6.4
Long Blades    | 3 4 5 |  5.8
Shields        | |  3.8

Action                     |  1- 3 |  4- 6 |  7- 9 || total
---------------------------+-------+-------+-------++-------
  Melee: Long sword        |   125 |   114 |    11 ||   250
         Headbutt          |     9 |    19 |     1 ||    29
         Punch             |     1 |       |       ||     1
    Use: Potion            |       |     1 |       ||     1
 Armour: Scale mail        |    27 |       |       ||    27
         Chain mail        |   100 |   122 |    26 ||   248
  Dodge: Dodged            |    69 |    42 |    14 ||   125
  Block: Buckler           |     2 |       |       ||     2

Table legend: (Time is in decaauts)
 A = Elapsed time spent in this place.
 B = Non-inter-level travel time spent in this place.
 C = Inter-level travel time spent in this place.
 D = Time resting spent in this place.
 E = Time spent auto-exploring this place.
 F = Levels seen in this place.
 G = Mean time per level.
                   A        B        C        D        E       F      G
               +--------+--------+--------+--------+--------+-----+--------+
         Total |   3473 |   3110 |    363 |    241 |   2132 |   8 |  434.1 |
       Dungeon |   3450 |   3098 |    352 |    241 |   2132 |   7 |  492.9 |
        Temple |     22 |     11 |     11 |      0 |      0 |   1 |   22.0 |
               +--------+--------+--------+--------+--------+-----+--------+

Top non-repeatable levels by time:
     D:1: 869 daAuts
     D:2: 700 daAuts
     D:3: 645 daAuts
     D:4: 528 daAuts
     D:6: 448 daAuts
     D:5: 244 daAuts
  Temple: 22 daAuts
     D:7: 13 daAuts
